 Dungeon Crawl Stone Soup version 0.20-a0-522-g0b37eee (webtiles) character file.

56 Kaname the Charmwright (level 3, 0/27 HPs)
             Began as a Demonspawn Skald on Jan 25, 2017.
             Slain by an orc (3 damage)
             ... on level 2 of the Dungeon.
             The game lasted 00:04:04 (1166 turns).

Kaname the Charmwright (Demonspawn Skald)           Turns: 1166, Time: 00:04:05

Health: 0/27       AC:  4    Str: 11    XL:     3   Next: 71%
Magic:  6/6        EV: 11    Int: 15    God:
Gold:   148        SH:  0    Dex: 12    Spells: 1/6 levels left

rFire    . . .     SeeInvis .   a - +0 spear
rCold    . . .     Gourm    .   b - +0 leather armour
rNeg     . . .     Faith    .   (no shield)
rPois    .         Spirit   .   k - +0 helmet
rElec    .         Reflect  .   (no cloak)
rCorr    .         Harm     .   (no gloves)
MR       .....                  (no boots)
Stlth    +.........             (no amulet)
Regen    0.1/turn               (no ring)
                                (no ring)

@: no status effects
A: talons 1, demonic guardian 1
a: no special abilities


You were on level 2 of the Dungeon.
You were not hungry.

You visited 1 branch of the dungeon, and saw 3 of its levels.

You collected 148 gold pieces.

Inventory:

Hand Weapons
 a - a +0 spear (weapon)
Armour
 b - a +0 leather armour (worn)
 k - a +0 helmet (worn)
Scrolls
 f - a scroll of remove curse {unknown}
 h - a scroll of enchant armour {unknown}
 i - a scroll of identify {unknown}
Potions
 e - a potion of agility {unknown}
Books
 c - a book of Battle

   Spells                             Type                      Level
   a - Infusion                       Charms                       1
   b - Shroud of Golubria             Charms/Translocation         2
   c - Song of Slaying                Charms                       2
   d - Spectral Weapon                Hexes/Charms                 3
   e - Regeneration                   Charms/Necromancy            3
Comestibles
 d - a bread ration
 g - 4 fruits
 l - 2 chunks of flesh


   Skills:
 - Level 2.0 Fighting
 - Level 2.0 Polearms
 - Level 0.8 Armour
 - Level 1.7 Dodging
 - Level 2.0 Spellcasting
 - Level 4.0 Charms
 + Level 0.6 Translocations


You had one spell level left.
You knew the following spells:

 Your Spells              Type           Power        Failure   Level  Hunger
a - Infusion              Chrm           ##..         6%          1    #......
b - Song of Slaying       Chrm           ##......     10%         2    ###....
c - Shroud of Golubria    Chrm/Tloc      #.........   21%         2    ###....


Dungeon Overview and Level Annotations

Branches:
Dungeon (3/15)

Altars:


Innate Abilities, Weirdness & Mutations

You have sharp toenails.
A weak demonic guardian rushes to your aid.


Message History

The orc hits you but does no damage.
You closely miss the orc.
The orc is heavily wounded.
The orc hits you but does no damage.
You hit the orc but do no damage. Your kick misses the orc.
The orc is heavily wounded.
The orc closely misses you.
You hit the orc but do no damage.
The orc is heavily wounded.
The orc closely misses you.
You barely miss the orc.
The orc is heavily wounded.
The orc hits you but does no damage.
You barely miss the orc.
The orc is heavily wounded.
The orc closely misses you.
You hit the orc but do no damage.
The orc is heavily wounded.
The orc hits you.
You die...

#...#...........###..........[..#
....#............................
....#............................
....#............................
.<..########.................####
...........#............(....#
...........##.....#....##....####
#..........##.....#.#.###........
#..........#####@.#..............
#..........##.lo....#............
#......##..#>#)#.................
..#....##........................
..#....##..#.#.#.......###.......
..#....##........#.....##......†.
.########..#.#.#.#.....##.####...
.# #........##....##+## #... ##
####.#.#.###..##8.8###...


You could see an orc and a leopard gecko.

Vanquished Creatures
  2 worms (D:2)
  5 leopard geckos
  2 orcs (D:2)
  A giant cockroach (D:2)
  5 goblins
  7 hobgoblins
  2 jackals
  A ball python (D:3)
  3 bats (D:1)
  5 frilled lizards
  6 kobolds
  5 rats
44 creatures vanquished.

Notes
Turn   | Place    | Note
-------+----------+-------------------------------------------
     0 | D:1      | Kaname the Demonspawn Skald began the quest for the Orb.
     0 | D:1      | Reached XP level 1. HP: 16/16 MP: 3/3
    88 | D:1      | Reached skill level 3 in Charms
   158 | D:1      | Gained mutation: You have sharp toenails. [demonic ancestry]
   158 | D:1      | Reached XP level 2. HP: 22/22 MP: 5/5
   486 | D:2      | Found a faded altar of an unknown god.
   650 | D:2      | Gained mutation: A weak demonic guardian rushes to your aid. [demonic ancestry]
   650 | D:2      | Reached XP level 3. HP: 26/27 MP: 6/6
   662 | D:2      | Learned a level 2 spell: Song of Slaying
   665 | D:2      | Learned a level 2 spell: Shroud of Golubria
  1014 | D:2      | Reached skill level 4 in Charms
  1153 | D:2      | HP: 1/27 [leopard gecko (1)]
  1166 | D:2      | Slain by an orc

Vault maps used:
D:1:      sevenhm_arrival_forest_fort_small_4, minmay_misc_feat_room,
          item_on_display_a
D:2:      chequers_ecumenical_altar_island, mrwooster_statue_mirror,
          dk_noncrumbling_4, hangedman_abyss_or_decor_lesser_grid, st_stairs_13,
          minmay_domino_4
D:3:      gammafunk_temple_overflow_elements

Skill      XL: |  1  2  3 |
---------------+----------+-----
Polearms       | 2 |  2.0
Charms         | 3 4 |  4.0
Fighting       | |  2.0
Armour         | |  0.8
Dodging        | |  1.7
Spellcasting   | |  2.0
Translocations | |  0.6

Action                   || total
-------------------------++-------
Melee: Spear             ||   132
       Kick              ||    10
 Cast: Infusion          ||     3
       Song of Slaying   ||     2
  Use: Potion            ||     1
  Eat: Chunk             ||     1
Armor: Leather armour    ||    31
Dodge: Dodged            ||    84
